 Dungeon Crawl Stone Soup version 0.26-a0-670-g578ab304f5 (webtiles) character file.

Game seed: 603305103257116731

622 Hypoxia the Cleaver (level 7, 18/61 HPs)
             Began as a Deep Dwarf Delver on Oct 19, 2020.
             Was an Initiate of Ru.
             Quit the game on level 8 of the Dungeon.
             The game lasted 00:07:02 (691 turns).

Hypoxia the Cleaver (Deep Dwarf Delver)              Turns: 691, Time: 00:07:03

Health: 18/61      AC:  6    Str: 17    XL:     7   Next: 22%
Magic:  2/2        EV: 12    Int: 11    God:    Ru [......]
Gold:   8          SH:  0    Dex: 14    Spells: 6/6 levels left

rFire    . . .     SeeInvis .   m - +0 war axe
rCold    . . .     Faith    .   (no shield)
rNeg     . . .     Spirit   .   l - +3 leather armour
rPois    .         Reflect  .   (no helmet)
rElec    .         Harm     .   (no cloak)
rCorr    .         Rampage  .   (no gloves)
MR       +....                  (no boots)
Stlth    +++.......             (no amulet)
HPRegen  0.00/turn              (no ring)
MPRegen  0.08/turn              (no ring)

@: non-regenerating
A: damage resistance, heal wounds, sense surroundings 1, no regeneration
a: Heal Wounds, Renounce Religion


You were on level 8 of the Dungeon.
You worshipped Ru.
Ru was noncommittal.
You visited 1 branch of the dungeon, and saw 5 of its levels.

You collected 8 gold pieces.

Inventory:

Hand Weapons
 a - a +0 hand axe
 m - a +0 war axe (weapon)
 n - a +1 halberd of distortion {!w}
Missiles
 Z - a throwing net (quivered) {!f}
Armour
 b - a +0 leather armour
 l - a +3 leather armour (worn)
Wands
 D - a wand of digging (1)
 P - a wand of paralysis (11)
 V - a wand of flame (17)
Scrolls
 c - a scroll of fog
 e - a scroll of fear
 M - a scroll of magic mapping
 W - a scroll of remove curse {@r2}
Potions
 f - a potion of heal wounds {unknown}
 j - a potion of stabbing {unknown}
 H - 2 potions of haste {@q3}
 Q - 2 potions of curing {@q1}


   Skills:
 - Level 2.6 Fighting
 + Level 8.9 Axes
 - Level 2.1 Dodging
 - Level 6.0 Stealth


You had 6 spell levels left.
You didn't know any spells.
Your spell library was empty.

Dungeon Overview and Level Annotations

Branches:
Dungeon (8/15)
 Temple: D:4-7         Lair: D:8-11

Altars:
Ru
Uskayaw
Xom
Yredelemnul


Innate Abilities, Weirdness & Mutations

You are resistant to damage.
You can heal yourself by infusing magical energy.
You passively map a small area around you.
You do not regenerate.


Message History

There is a stone staircase leading down here.
You see here a throwing net {!f}.
Z - a throwing net (quivered)
{!f} You see here a potion of curing {@q1}.
Q - 2 potions of curing {@q1} (gained 1)
There is a stone staircase leading down here.
You climb downwards.
An adder comes into view.
Found a stone staircase leading down.
There is a stone staircase leading up here.
You climb upwards.
There is a stone staircase leading down here.
Unknown command.
You climb downwards.
The adder hisses angrily.
There is a stone staircase leading up here.
The adder closely misses you. The adder bites you.
There is a stone staircase leading down here.
Are you sure you want to abandon this character and quit the game? (Confirm with "yes".)

, * # , , *
*....#.# * # * ,
** ....!.# #
......# , *# , *
,......#, ,# , *
,** *..... ##.# ,
##* ...,* ..... *
#.#####.#####.
.....
##.##.....@.......
,......
.......<..S.......
* #.####
###########.######
# ... #### **


You could see an adder.

Vanquished Creatures
  A black bear
  A centaur Blork the orc
  2 bullfrogs
  A bullfrog skeleton
  An orc priest
  An iguana
  An orc wizard
  2 worker ants
  2 adders
  4 gnolls
  A shadow imp
  An ufetubus
  2 worms
  A leopard gecko
  14 orcs
  2 quokkas
  A ball python
  A jackal skeleton
40 creatures vanquished.

Notes
Turn   | Place    | Note
-------+----------+-------------------------------------------
     0 | D:5      | Hypoxia the Deep Dwarf Delver began the quest for the Orb.
     0 | D:5      | Reached XP level 1. HP: 20/20 MP: 1/1
    51 | D:5      | Noticed a bullfrog
    59 | D:5      | Reached skill level 3 in Axes
    60 | D:5      | Reached XP level 2. HP: 24/27 MP: 1/1
    61 | D:5      | Killed a bullfrog
    61 | D:5      | Reached skill level 4 in Axes
    61 | D:5      | Reached XP level 3. HP: 27/33 MP: 2/2
    61 | D:5      | Reached XP level 4. HP: 33/40 MP: 3/3
   106 | D:5      | Found a basalt altar of Yredelemnul.
   151 | D:5      | Noticed Blork the orc
   164 | D:5      | Killed Blork the orc
   164 | D:5      | Reached skill level 5 in Axes
   164 | D:5      | Reached XP level 5. HP: 46/46 MP: 4/4
   227 | D:6      | Reached skill level 6 in Axes
   248 | D:6      | Noticed a centaur
   261 | D:6      | Killed a centaur
   290 | D:6      | HP: 8/46 [orc/+0 trident (7)]
   308 | D:6      | Reached skill level 7 in Axes
   308 | D:6      | Reached XP level 6. HP: 27/55 MP: 4/4
   339 | D:6      | HP: 11/55 [orc/+0 hand axe (5)]
   421 | D:7      | Reached skill level 8 in Axes
   422 | D:7      | Found a sacrificial altar of Ru.
   430 | D:7      | Became a worshipper of Ru the Awakened
   522 | D:7      | Found a hide-covered altar of Uskayaw.
   616 | D:7      | HP: 10/55 [bullfrog skeleton (4)]
   622 | D:7      | Reached XP level 7. HP: 33/61 MP: 3/3
   663 | D:7      | Found a shimmering altar of Xom.
   691 | D:8      | Quit the game

Illustrated notes

Levels and vault maps discovered:
D:4:      layout_loops_corners, nicolae_overflow_crystal_walls,
          gammafunk_ghost_smash
D:5:      layout_loops_ring, kennysheep_mini, uniq_duvessa, uniq_eustachio,
          uniq_edmund, uniq_blork_the_orc, uniq_prince_ribbit1
D:6:      layout_gridville, minmay_temple_entry_offerings, uniq_pikel
D:7:      minmay_angry_zag, layout_cave_pods, marbit_many_paths,
          trog_ov_bears_minmay, lemuel_crystal_altar,
          nicolae_tso_swordbearing_angel, nicolae_ru_sacrificial_ziggurat,
          tgw_kikubaaqudgha, uniq_harold
D:8:      layout_loops_ring, lemuel_round_altar

Skill      XL: |  1  2  3  4  5  6 |
---------------+-------------------+-----
Axes           | 3 4 5 7 8 |  8.9
Fighting       | |  2.6
Dodging        | |  2.1
Stealth        | |  6.0

Action                   |  1- 3 |  4- 6 |  7- 9 || total
-------------------------+-------+-------+-------++-------
Melee: Hand axe          |    13 |    84 |       ||    97
       War axe           |       |    36 |    10 ||    46
 Abil: Heal Wounds       |     1 |     9 |     1 ||    11
Evoke: Wand              |       |     2 |       ||     2
  Use: Scroll            |       |     4 |       ||     4
 Stab: Sleeping          |     1 |     2 |       ||     3
Armor: Leather armour    |     9 |    30 |    10 ||    49
Dodge: Dodged            |    21 |   114 |    14 ||   149

Table legend: (Time is in decaauts)
 A = Elapsed time spent in this place.
 B = Non-inter-level travel time spent in this place.
 C = Inter-level travel time spent in this place.
 D = Time resting spent in this place.
 E = Time spent auto-exploring this place.
 F = Levels seen in this place.
 G = Mean time per level.
                   A        B        C        D        E       F      G
               +--------+--------+--------+--------+--------+-----+--------+
         Total |    704 |    704 |      0 |      0 |      0 |   5 |  140.8 |
       Dungeon |    704 |    704 |      0 |      0 |      0 |   5 |  140.8 |
               +--------+--------+--------+--------+--------+-----+--------+

Top non-repeatable levels by time:
     D:7: 273 daAuts
     D:5: 183 daAuts
     D:6: 183 daAuts
     D:8: 43 daAuts
     D:4: 20 daAuts
